 Dungeon Crawl Stone Soup version 0.19-a0-1568-gdd01aac (webtiles) character file.

26596 jacquesderrida the Martial Artist (level 13, -1/72 HPs)
             Began as a Vine Stalker Wanderer on Sept 15, 2016.
             Was a Follower of Uskayaw.
             Slain by a rust devil (2 damage)
             ... summoned by an orc high priest
             ... on level 2 of the Orcish Mines.
             The game lasted 00:56:44 (7663 turns).

jacquesderrida the Martial Artist (VSWn)            Turns: 7663, Time: 00:56:45

Health: -1/72      AC:  4    Str: 14    XL:     13   Next: 27%
Magic:  0/25       EV: 16    Int: 20    God:    Uskayaw [*.....]
Gold:   1638       SH:  5    Dex: 15    Spells: 3 memorised, 11 levels left

rFire  . . .     SeeInvis .       - Unarmed
rCold  . . .     Gourm    .     G - +4 moon troll leather armour {Spirit, Regen++ MP+5}
rNeg   . . .     Faith    .     x - +0 buckler
rPois  .         Spirit   +     (no helmet)
rElec  .         Dismiss  .     t - +1 cloak
rCorr  .         Reflect  .     p - +2 pair of gloves
MR     +....     Harm     .     g - +1 pair of boots of the Tundras {Int+3}
Stlth  ++........               o - amulet of regeneration
                                j - ring of flight
                                c - +5 ring of protection

@: corroded
A: fangs 3, regeneration 2, magic shield, antimagic bite, no device heal 3, rot
immunity
a: Stomp, Renounce Religion, Evoke Flight


You were on level 2 of the Orcish Mines.
You worshipped Uskayaw.
Uskayaw was aware of your devotion.
You were hungry.

You visited 4 branches of the dungeon, and saw 18 of its levels.
You also visited: Ossuary and Volcano.

You collected 1638 gold pieces.

Inventory:

Hand Weapons
 q - a +2 hand axe of flaming
 M - a +1 blowgun
Armour
 g - the +1 pair of boots of the Tundras (worn) {Int+3}
   (You found it on level 1 of the Lair of Beasts)

   It affects your intelligence (+3).
 m - a +0 shield
 p - a +2 pair of gloves (worn)
 t - a +1 cloak (worn)
 x - a +0 buckler (worn)
 C - a +2 large shield
 G - the +4 moon troll leather armour (worn) {Spirit, Regen++ MP+5}
   (You found it on level 7 of the Dungeon)

   It affects your magic capacity (+5).
   It increases your rate of regeneration.
 I - an ice dragon hide
Jewellery
 c - a +5 ring of protection (left hand)
 j - a ring of flight (right hand)
 o - an amulet of regeneration (around neck)
 s - an uncursed ring of positive energy
Wands
 O - a wand of iceblast (15/15)
Scrolls
 e - 3 scrolls of teleportation
 h - 3 scrolls of noise
 l - 2 scrolls of enchant weapon
 n - 2 scrolls of identify
 r - 7 scrolls of remove curse
 y - 4 scrolls of recharging
 A - a scroll of amnesia
 F - 2 scrolls of magic mapping
Potions
 a - a potion of ambrosia
 b - a potion of might
 d - 2 potions of cancellation
 w - 2 potions of brilliance
 z - a potion of magic
 D - 2 potions of lignification
 E - 2 potions of agility
 H - a potion of cure mutation
 J - 2 potions of curing
 N - 2 potions of berserk rage
 Q - a potion of resistance
Books
 i - a book of Necromancy

   Spells                             Type                      Level
   a - Pain                           Necromancy                   1
   b - Animate Skeleton               Necromancy                   1
   c - Vampiric Draining              Necromancy                   3
   d - Regeneration                   Charms/Necromancy            3
   e - Animate Dead                   Necromancy                   4
   f - Control Undead                 Necromancy                   4
Miscellaneous
 K - a box of beasts
 P - a phantom mirror
Comestibles
 f - 4 bread rations
 k - 2 beef jerkies
 B - 5 meat rations


   Skills:
 + Level 10.5 Fighting
 - Level 2.1 Armour
 + Level 7.7 Dodging
 - Level 1.2 Stealth
 - Level 3.1 Shields
 + Level 13.0 Unarmed Combat
 - Level 3.2 Spellcasting
 - Level 3.0 Necromancy
 - Level 1.0 Translocations
   Level 1.0 Poison Magic
 + Level 9.0 Invocations


You had 11 spell levels left.
You knew the following spells:

 Your Spells              Type           Power        Failure   Level  Hunger
a - Blink                 Tloc           N/A          21%         2    ##.....
b - Repel Missiles        Chrm/Air       #.....       34%         2    ##.....
c - Regeneration          Chrm/Necr      #.........   34%         3    ###....


Dungeon Overview and Level Annotations

Branches:
Dungeon (9/15)             Temple (1/1) D:7            Lair (6/6) D:9
 Spider (0/4) Lair:4        Slime (0/5) Lair:5          Orc (2/2) D:9
    Elf (0/3) Orc:2
  Swamp: Lair:2-4    Shoals: Lair:2-4

Altars:
Cheibriados
Dithmenos
Elyvilon
Fedhas
Gozag
Hepliaklqana
Kikubaaqudgha
Makhleb
Nemelex Xobeh
Okawaru
Qazlal
Ru
Sif Muna
Trog
Uskayaw
Vehumet
Xom
Zin

Shops:
D:4 *   D:9 =


Innate Abilities, Weirdness & Mutations

You have razor-sharp teeth.
You heal very quickly.
When hurt, damage is shared between your health and your magic reserves.
Your bite disrupts and absorbs the magic of your enemies.
Potions and wands cannot restore your health.
You are immune to rotting.


Message History

You bite the orc high priest, but do no damage.
The orc high priest is severely wounded.
The rust devil hits you!
* * * LOW HITPOINT WARNING * * *
The rust devil corrodes you!
Unknown command.
You hit the orc high priest.
The orc high priest is almost dead.
The orc high priest hits you with a dire flail!
* * * LOW HITPOINT WARNING * * *
The rust devil misses you.
Unknown command.
You barely miss the orc high priest.
You bite the orc high priest, but do no damage.
The orc high priest is almost dead.
The orc high priest mumbles some strange prayers to Beogh against you.
Beogh smites you!
* * * LOW HITPOINT WARNING * * *
The rust devil hits you.
You die...

...............#.....#####.##[###
#........................###..# *
.#....................##.# #..##
.........####............###...##
........##∩∩###..#........##)[#.#
##.....##,,,,*#.............[)...
###..#.#∩,,,,∩#5555....(.(.....(.
##.##*#,,,,,,##4o53.........(..#
#...#*,,,,,,,,#@#.§..........(.#
##..##,,,,,,,,#.#..............#
##...#,.,,,,,,###...............
##.#..#,..,,,,,,*#...o(..........
#.....#,.÷÷,,,,,##...)[..........
##....#*...3,,,*#...)#.4.......(.
####..###...o**##...##...........
####....#..÷oo##)o..#.(..........
.##.#.#.###..÷o)...##............


You could see an orc high priest, a rust devil, a ynoxinul and 5 ufetubi.

Vanquished Creatures
  Nessos (Orc:2)
  3 hydras
  A catoblepas (Lair:6)
  2 death yaks (Lair:6)
  2 orc knights (Orc:2)
  Pikel (D:6)
  3 orc sorcerers (Orc:2)
  2 manticores (Lair:6)
  A griffon (Lair:6)
  9 elephants
  2 black mambas
  Maurice (D:9)
  4 spiny frogs
  3 komodo dragons
  2 gargoyles (Volcano)
  2 rime drakes (Lair:6)
  An efreet (Volcano)
  A two-headed ogre (Orc:2)
  2 dream sheep (Lair:6)
  8 blink frogs (Lair:6)
  Sigmund (D:3)
  A wyvern (Lair:6)
  13 yaks
  2 basilisks
  6 hippogriffs
  Duvessa (D:4)
  4 water moccasins
  3 porcupines
  2 hell hounds (Orc:2)
  A black bear (Lair:1)
  8 orc warriors
  A sky beast (D:8)
  A necrophage (D:8)
  2 ogres
  7 wolves
  A phantom (D:7)
  A centaur (D:9)
  2 crocodiles (Lair:3)
  An elf zombie (Ossuary)
  A big kobold (D:8)
  4 bullfrogs
  A gnoll sergeant (D:3)
  Dowan (D:4)
  2 scorpions
  3 wights (D:7)
  A howler monkey (D:4)
  2 crimson imps
  4 jellies
  A quasit (D:8)
  2 hounds (D:9)
  6 orc priests
  4 gnoll shamans (D:3)
  9 orc wizards
  4 iguanas
  4 worker ants
  A killer bee zombie (D:8)
  2 big kobold zombies (Ossuary)
  2 hound zombies (Ossuary)
  5 mummies
  A worker ant zombie (D:7)
  7 adders
  38 gnolls
  14 river rats
  A shadow imp (D:6)
  5 oozes (D:8)
  An adder skeleton (D:6)
  2 adder zombies (Ossuary)
  5 worms (D:2)
  2 dart slugs
  3 leopard geckos
  22 orcs
  3 bats
  A giant cockroach (D:2)
  9 goblins
  7 hobgoblins
  7 jackals
  3 quokkas
  5 frilled lizards
  A gnoll zombie (Ossuary)
  A goblin zombie (Ossuary)
  3 hobgoblin zombies (Ossuary)
  9 kobolds
  7 rats
  A fungus (D:9)
326 creatures vanquished.

Vanquished Creatures (collateral kills)
  A death yak (Lair:6)
  A komodo dragon (Lair:6)
2 creatures vanquished.

Vanquished Creatures (others)
  3 slaves (D:7)
  A scorpion (D:7)
  An orc wizard (D:7)
  A worker ant (D:7)
  A gnoll (D:7)
  An orc (D:7)
  A fire vortex (Volcano)
9 creatures vanquished.

Grand Total: 337 creatures vanquished

Notes
Turn   | Place    | Note
-------+----------+-------------------------------------------
     0 | D:1      | jacquesderrida the Vine Stalker Wanderer began the quest for the Orb.
     0 | D:1      | jacquesderrida set off with: a book of Minor Magic, Cikannan's Handbook of Evil Rites, a +0 robe, a +0 club, a bread ration
     0 | D:1      | Reached XP level 1. HP: 9/9 MP: 5/5
    85 | D:1      | Reached skill level 1 in Unarmed Combat
   171 | D:1      | Reached XP level 2. HP: 14/14 MP: 4/7
   408 | D:2      | Reached skill level 2 in Unarmed Combat
   563 | D:3      | Reached skill level 1 in Fighting
   573 | D:3      | Reached XP level 3. HP: 9/18 MP: 8/8
   719 | D:3      | Noticed Sigmund
   878 | D:2      | Identified Cikannan's Handbook of Evil Rites
  1009 | D:2      | Gained mutation: Your natural rate of healing is unusually fast. [Vine Stalker growth]
  1009 | D:2      | Reached XP level 4. HP: 6/23 MP: 4/9
  1102 | D:2      | Reached skill level 3 in Unarmed Combat
  1147 | D:2      | Found a sacrificial altar of Ru.
  1389 | D:3      | Killed Sigmund
  1389 | D:3      | Reached skill level 4 in Unarmed Combat
  1389 | D:3      | Reached XP level 5. HP: 11/28 MP: 10/10
  1389 | D:3      | Reached XP level 6. HP: 13/32 MP: 11/11
  1440 | D:4      | Noticed Duvessa
  1440 | D:4      | Noticed Dowan
  1630 | D:3      | Reached skill level 5 in Unarmed Combat
  1700 | D:3      | Found an opulent altar of Gozag.
  1700 | D:3      | Found a radiant altar of Vehumet.
  1870 | D:4      | Killed Duvessa
  1870 | D:4      | Reached XP level 7. HP: 24/36 MP: 10/12
  1879 | D:4      | Killed Dowan
  1879 | D:4      | Reached skill level 6 in Unarmed Combat
  1897 | D:4      | Found Ygretuv's Elemental Accessories.
  2280 | D:3      | Reached skill level 7 in Unarmed Combat
  2280 | D:3      | Gained mutation: You have razor-sharp teeth. [Vine Stalker growth]
  2280 | D:3      | Reached XP level 8. HP: 35/42 MP: 10/13
  2464 | D:3      | Reached skill level 5 in Fighting
  2607 | D:5      | Entered Level 5 of the Dungeon
  2683 | D:6      | Found a sand-covered staircase.
  2690 | Ossuary  | Entered an ossuary
  2756 | Ossuary  | Reached skill level 8 in Unarmed Combat
  3029 | D:6      | ALtar plis
  3280 | D:7      | Noticed Pikel
  3315 | D:6      | Killed Pikel
  3315 | D:6      | Reached skill level 9 in Unarmed Combat
  3315 | D:6      | Reached XP level 9. HP: 42/48 MP: 12/14
  3358 | D:7      | Found a hide-covered altar of Uskayaw.
  3370 | D:7      | Altar sps
  3497 | D:7      | Found an iron altar of Okawaru.
  3505 | D:7      | NIT!!!!
  3635 | D:7      | Found a staircase to the Ecumenical Temple.
  3675 | Temple   | Entered the Ecumenical Temple
  3963 | D:7      | Became a worshipper of Uskayaw the Reveler
  4007 | D:8      | Reached * piety under Uskayaw
  4029 | D:8      | Reached ** piety under Uskayaw
  4089 | D:8      | Reached skill level 10 in Unarmed Combat
  4104 | D:8      | Reached skill level 1 in Dodging
  4109 | D:8      | Reached *** piety under Uskayaw
  4114 | D:8      | Reached **** piety under Uskayaw
  4115 | D:8      | Reached skill level 1 in Invocations
  4123 | D:8      | Reached ***** piety under Uskayaw
  4132 | D:8      | Reached XP level 10. HP: 55/55 MP: 15/15
  4137 | D:8      | Reached ****** piety under Uskayaw
  4246 | D:8      | Learned a level 2 spell: Blink
  4249 | D:8      | Learned a level 2 spell: Repel Missiles
  4256 | D:8      | Got an iridescent short sword
  4257 | D:8      | Identified the +7 short sword of the Purse {pierce, rN++} (You found it on level 8 of the Dungeon)
  4441 | D:9      | Found Nagi's Jewellery Shop.
  4505 | D:9      | Found a snail-covered altar of Cheibriados.
  4537 | D:9      | Found a sparkling altar of Nemelex Xobeh.
  4559 | D:9      | Found a staircase to the Lair.
  4565 | D:9      | Noticed Maurice
  4567 | D:9      | Found a staircase to the Orcish Mines.
  4577 | D:9      | Killed Maurice
  4616 | Lair:1   | Entered Level 1 of the Lair of Beasts
  4802 | Lair:1   | Reached skill level 1 in Armour
  4850 | Lair:1   | Got a pair of faintly humming boots
  4856 | Lair:1   | Identified the +1 pair of boots of the Tundras {Int+3} (You found it on level 1 of the Lair of Beasts)
  4879 | Lair:2   | Learned a level 3 spell: Regeneration
  4914 | Lair:2   | Noticed an elephant
  4915 | Lair:2   | Noticed an elephant
  4916 | Lair:2   | Noticed an elephant
  4918 | Lair:2   | Noticed an elephant
  4936 | Lair:2   | Killed an elephant
  4936 | Lair:2   | Reached skill level 11 in Unarmed Combat
  4952 | Lair:2   | Killed an elephant
  4972 | Lair:2   | Killed an elephant
  4977 | Lair:2   | Killed an elephant
  4977 | Lair:2   | Reached XP level 11. HP: 59/60 MP: 14/16
  4995 | Lair:2   | Noticed a five-headed hydra
  5009 | Lair:2   | Killed a one-headed hydra
  5083 | Lair:2   | Reached skill level 5 in Invocations
  5277 | Lair:4   | Found a hole to the Spider Nest.
  5298 | Lair:6   | Entered Level 6 of the Lair of Beasts
  5334 | Lair:6   | Da
  5354 | Lair:5   | Reached skill level 5 in Dodging
  5357 | Lair:5   | Found a staircase to the Slime Pits.
  5910 | Lair:6   | Gained mutation: You heal very quickly. [Vine Stalker growth]
  5910 | Lair:6   | Reached XP level 12. HP: 55/66 MP: 16/17
  5914 | Lair:6   | Reached skill level 12 in Unarmed Combat
  6008 | Lair:6   | Noticed a death yak
  6008 | Lair:6   | Noticed a death yak
  6090 | Lair:6   | Killed a death yak
  6098 | Lair:6   | Killed a death yak
  6198 | Lair:6   | Noticed a five-headed hydra
  6198 | Lair:6   | Noticed a catoblepas
  6224 | Lair:6   | Killed a five-headed hydra
  6245 | Lair:6   | Noticed an eight-headed hydra
  6247 | Lair:6   | Killed a catoblepas
  6260 | Lair:6   | Noticed a death yak
  6441 | Lair:6   | Killed a one-headed hydra
  6496 | Lair:6   | Killed a death yak
  6532 | Lair:6   | Reached skill level 10 in Fighting
  6999 | Orc:1    | Entered Level 1 of the Orcish Mines
  7033 | Orc:2    | Entered Level 2 of the Orcish Mines
  7210 | Orc:2    | Reached XP level 13. HP: 72/72 MP: 13/20
  7243 | Orc:2    | Noticed Nessos
  7256 | Orc:2    | Killed Nessos
  7285 | Orc:2    | Paralysed by an orc sorcerer for 7 turns
  7310 | Orc:2    | Found a dark tunnel.
  7327 | Volcano  | Entered a volcano
  7420 | Volcano  | Reached skill level 13 in Unarmed Combat
  7616 | Orc:2    | Found a staircase to the Elven Halls.
  7663 | Orc:2    | HP: 1/72 [orc high priest/divine providence (8)]
  7663 | Orc:2    | Slain by a rust devil

Vault maps used:
D:1:      minmay_arrival_radiant_lines
D:2:      grunt_temple_overflow_holy_war, nicolae_ru_path_of_blood
D:3:      lemuel_castle_with_subvaults, gammafunk_temple_overflow_pools,
          uniq_sigmund
D:4:      kennysheep_big_flooded_room, nicolae_elemental_shop, uniq_duvessa
D:5:      wad_crossroads, first_bread
D:6:      chequers_ossuary_entry_cave, minmay_misc_feat_iff
D:7:      eat_drink_and_be_merry_uskayaw, kennysheep_okawaru_gauntlet,
          uniq_pikel
D:8:      special_room, hangedman_little_slice_of_home
D:9:      slow_altar_1, nemelex_xobeh_ov_fountains_minmay, dpeg_oklobed_lair,
          orc_0_dummy, serial_shops, shop_statue, uniq_maurice
Temple:   oiseaux_autumnal_temple
Lair:1:   uniq_prince_ribbit2
Lair:3:   minmay_shoals_entry_lonely_mermaid, patterned_corridor,
          grunt_megastairs_1, lemuel_fruit_fields
Lair:4:   lemuel_ratsnest, spider_nest_entry_web_field, basic_altar
Lair:5:   slime_dummy, grunt_forest_small_clearing_treed
Lair:6:   hangedman_lair_in_review
Orc:1:    serial_shops, shop, uniq_fannar
Orc:2:    grunt_orc_tribal_feast, enter_volcano_3, uniq_nessos
Ossuary:  ossuary_minmay_tomb_2a
Volcano:  volcano_overflow

Skill      XL: |  1  2  3  4  5  6  7  8  9 10 11 12 13 |
---------------+----------------------------------------+-----
Unarmed Combat | 1 2 4 5 7 9 10 11 12 13 | 13.0
Fighting       | 1 2 3 4 6 7 9 10 | 10.5
Dodging        | 1 3 5 7 |  7.7
Shields        | 2 3 |  3.1
Invocations    | 1 4 6 8 9 |  9.0
Armour         | 2 |  2.1
Stealth        | |  1.2
Spellcasting   | |  3.2
Necromancy     | |  3.0
Translocations | |  1.0
Poison Magic   | |  1.0

Action                   |  1- 3 |  4- 6 |  7- 9 | 10-12 | 13-15 || total
-------------------------+-------+-------+-------+-------+-------++-------
Melee: Club              |    88 |       |       |       |       ||    88
       Bite              |    35 |    29 |   146 |   226 |    40 ||   476
       Unarmed           |    92 |   157 |   468 |   679 |   120 ||  1516
       Punch             |       |     3 |       |       |       ||     3
       Hand axe          |       |       |       |    22 |       ||    22
 Fire: Blowgun           |       |       |       |       |     7 ||     7
Throw: Tomahawk          |       |     3 |    14 |       |       ||    17
       Throwing net      |       |       |     5 |     1 |       ||     6
 Cast: Blink             |       |       |       |     1 |       ||     1
Invok: Line Pass         |       |       |     2 |    11 |       ||    13
       Stomp             |       |       |       |    11 |     2 ||    13
       Grand Finale      |       |       |       |     1 |       ||     1
 Abil: Evoke Flight      |       |       |       |       |     3 ||     3
Evoke: Box of beasts     |       |       |       |     1 |       ||     1
  Use: Potion            |     2 |     3 |     1 |     1 |     2 ||     9
       Scroll            |       |       |     5 |    21 |     3 ||    29
 Stab: Held in net/web   |       |       |     2 |       |       ||     2
       Paralysed         |       |       |     2 |    32 |     6 ||    40
       Sleeping          |       |       |     1 |     3 |       ||     4
       Petrified         |       |       |       |    13 |       ||    13
       Confused          |       |       |       |     1 |       ||     1
  Eat: Chunk             |       |     4 |     6 |     7 |       ||    17
       Pizza             |       |       |     2 |       |     1 ||     3
       Fruit             |       |       |       |     9 |       ||     9
       Royal jelly       |       |       |       |     1 |       ||     1
Armor: Ring mail         |    67 |    49 |   158 |       |       ||   274
       Robe              |     2 |       |       |       |       ||     2
       Skin              |     7 |       |       |       |       ||     7
       Troll leather arm |       |       |    46 |   331 |    24 ||   401
Dodge: Dodged            |    82 |    63 |   184 |   431 |    57 ||   817
Block: Buckler           |       |     3 |    83 |   158 |    20 ||   264
